 Dungeon Crawl Stone Soup version 0.30.0-30-g96aa6591b8 (webtiles) character file.

Game seed: 17178900018234215567

293 Chiseanne the Covert (level 6, -4/44 HPs)
             Began as an Octopode Delver on June 28, 2023.
             Slain by a lemure (8 damage)
             ... led by Pikel
             ... on level 4 of the Dungeon.
             The game lasted 00:05:19 (1507 turns).

Chiseanne the Covert (Octopode Delver)              Turns: 1507, Time: 00:05:20

Health: -4/44      AC:  1    Str: 12    XL:     6   Next: 33%
Magic:  6/6        EV: 14    Int: 12    God:
Gold:   52         SH:  0    Dex: 15    Spells: 5/5 levels left

rFire   . . .        a - +1 short sword
rCold   . . .        (no shield)
rNeg    . . .        (helmet restricted)
rPois   .            (no amulet)
rElec   .            k - ring of willpower
rCorr   .            (no ring)
SInv    .            (no ring)
Will    +....        (no ring)
Stlth   +++++        (no ring)
HPRegen 0.27/turn    (no ring)
MPRegen 0.10/turn    (no ring)
                     (no ring)

%: no passive effects
@: mighty
A: almost no armour, amphibious, 8 rings, camouflage 1, gelatinous body 1,
(nimble swimmer 1), tentacles
a: no special abilities


You were on level 4 of the Dungeon.
You visited 1 branch of the dungeon, and saw 3 of its levels.

You collected 52 gold pieces.

Inventory:

Hand Weapons
 a - a +1 short sword (weapon)
Missiles
 g - 3 boomerangs
 h - 7 stones (quivered)
 j - 5 poisoned darts
Magical Staves
 i - a staff of air
Jewellery
 k - a ring of willpower (left tentacle)
Wands
 f - a wand of digging (3)
Scrolls
 b - a scroll of fog
 d - a scroll of fear
 l - 3 scrolls of teleportation
Potions
 c - 2 potions of heal wounds
 m - a potion of might
 n - a potion of brilliance {unknown}


   Skills:
 * Level 4.6 Fighting
 - Level 2.0 Short Blades
 * Level 4.0 Dodging
 * Level 8.3 Stealth


You had 5 spell levels left.
You didn't know any spells.
Your spell library was empty.

Dungeon Overview and Level Annotations

Branches:
Dungeon (5/15)
 Temple: D:4-7

Altars:
Fedhas
Nemelex Xobeh
Sif Muna
Uskayaw
Vehumet
Xom
Yredelemnul

Shops:
D:4 *

Annotations:
D:4 Ijyb, Pikel


Innate Abilities, Weirdness & Mutations

You cannot wear most types of armour.
You are amphibious.
You can wear up to eight rings at the same time.
Your skin changes colour to match your surroundings (Stealth+).
Your rubbery body absorbs attacks. (AC +1, EV +1)
((You are camouflaged when in or above water. (Stealth+)))
You have tentacles for arms and can constrict up to eight enemies at once.


Message History

c - 2 potions of heal wounds You climb downwards.
Level annotation: Ijyb, Pikel
There is a stone staircase leading up here.
It was a potion of might.
You feel very mighty all of a sudden.
The lemure shouts!
You hear a shout!
Pikel shouts!
You hear a shout!
Pikel hits you with a +1 whip of freezing.
Pikel freezes you.
The goblin shouts!
You closely miss Pikel.
The orc shouts!
Your grab misses Pikel.
You hear an angry hiss.
Pikel hits you with a +1 whip of freezing.
Pikel freezes you.
You barely miss Pikel.
The lemure shouts!
You grab Pikel. You squeeze Pikel.
Pikel is lightly wounded.
You constrict Pikel, but do no damage.
Pikel hits you with a +1 whip of freezing.
Pikel freezes you.
You hit Pikel.
Pikel is moderately wounded.
You constrict Pikel. Pikel closely misses you.
You hit Pikel but do no damage.
Pikel is moderately wounded.
You constrict Pikel.
Pikel zaps a wand.
You resist with almost no effort.
You puncture Pikel!
Pikel is severely wounded.
You constrict Pikel, but do no damage. The lemure hits you!
Pikel hits you with a +1 whip of freezing!
* * * LOW HITPOINT WARNING * * *
Pikel freezes you.
* * * LOW HITPOINT WARNING * * *
You completely miss Pikel.
Pikel is severely wounded.
You constrict Pikel. The lemure hits you!
You die...

## #.# ..........# #.# #.#
........... #.# ... .....###...
#.# # #.# .......'... #####.#.#
#.# # ####.###... ......#.#####
#.#.#. .. #...
#####.........###)#.#..#######...
#..<5.#######..5g.........K..K...
#.#g........lg.K@<#..gll#####....
# ##..#.###.#...5o#..K.. #....
##.#... #.....#..... #.###
..#..g..#....##..... #.#
#..#.....#...........#####.###
..g#.###.#.....5#.5..........#
....... ....#.?#.5.....#######
....### ##..#.##.....#. ..B. ..


You could see Pikel, 2 lemures, Ijyb, an iguana, an orc and a goblin.

Vanquished Creatures
  A lemure (D:4)
  A scorpion (D:5)
  2 hounds
  A jelly (D:5)
  An orc priest (D:4)
  A sleepcap (D:4)
  Natasha (D:4)
  2 adders
  A white imp (D:5)
  An ufetubus (D:4)
  A dart slug (D:4)
  A worm (D:4)
  3 orcs
  2 endoplasms (D:3)
  2 goblins (D:3)
  2 hobgoblins (D:3)
  2 quokkas (D:3)
  3 ball pythons (D:3)
  2 kobolds
  2 rats (D:3)
32 creatures vanquished.

Notes
Turn   | Place    | Note
-------+----------+-------------------------------------------
     0 | D:5      | Chiseanne the Octopode Delver began the quest for the Orb.
     0 | D:5      | Reached XP level 1. HP: 16/16 MP: 1/1
    20 | D:5      | Noticed a jelly
    24 | D:5      | Killed a jelly
    25 | D:5      | Reached skill level 7 in Stealth
    25 | D:5      | Reached XP level 2. HP: 16/21 MP: 2/2
    25 | D:5      | Reached XP level 3. HP: 20/26 MP: 3/3
    35 | D:5      | Noticed a scorpion
    53 | D:5      | Reached XP level 4. HP: 27/33 MP: 4/4
   103 | D:5      | Noticed a scorpion
   104 | D:5      | Killed a scorpion
   105 | D:5      | Reached XP level 5. HP: 37/37 MP: 5/5
   141 | D:4      | Found a basalt altar of Yredelemnul.
   213 | D:4      | Found a sparkling altar of Nemelex Xobeh.
   213 | D:4      | Found a blossoming altar of Fedhas.
   214 | D:4      | Found a hide-covered altar of Uskayaw.
   363 | D:4      | Reached skill level 8 in Stealth
   467 | D:4      | Found Foihutu's Assorted Antiques.
   535 | D:4      | Noticed a lemure
   535 | D:4      | Noticed a lemure
   536 | D:4      | Noticed a wyvern
   536 | D:4      | Noticed Pikel
   606 | D:4      | Noticed a lemure
   607 | D:4      | Noticed a lemure
   619 | D:4      | Killed a lemure
   629 | D:4      | Noticed a kobold brigand
   907 | D:4      | Reached XP level 6. HP: 27/44 MP: 6/6
  1078 | D:4      | Found a shimmering blue altar of Sif Muna.
  1078 | D:4      | Noticed Natasha
  1091 | D:4      | Killed Natasha
  1098 | D:4      | Found a shimmering altar of Xom.
  1107 | D:4      | Noticed Ijyb
  1131 | D:3      | Found a radiant altar of Vehumet.
  1507 | D:4      | Slain by a lemure

Illustrated notes

Levels and vault maps discovered:
D:3:      layout_basic, fiery_altar_vehumet, palyth_stone_intersect,
          uniq_crazy_yiuf_cottage
D:4:      layout_basic, led_sif_book, mainiacjoe_overflow_concentric_impassable,
          mainiacjoe_overflow_cross_hatched, gammafunk_temple_overflow_claw,
          serial_shops, nicolae_shop_rolling_square, minmay_manual_moon,
          uniq_pikel, uniq_natasha, uniq_ijyb
D:5:      layout_loops_corners, overflow_temple_1_default,
          nicolae_dithmenos_shadow_blocks, lightli_sewer_entry_pipes,
          grunt_ministairs_6

Skill      XL: |  1  2  3  4  5  6 |
---------------+-------------------+-----
Stealth        | 7 8 |  8.3
Fighting       | 4 |  4.6
Dodging        | 3 4 |  4.0
Short Blades   | |  2.0

Action                     |  1- 3 |  4- 6 || total
---------------------------+-------+-------++-------
  Melee: Short sword       |     5 |    92 ||    97
         Tentacles         |     1 |    17 ||    18
         Constrict         |     1 |    16 ||    17
         Unarmed           |       |     2 ||     2
    Use: Scroll            |     1 |     4 ||     5
         Potion            |       |     3 ||     3
   Stab: Sleeping          |     1 |    11 ||    12
 Armour: Skin              |       |     5 ||     5
  Dodge: Dodged            |     2 |    60 ||    62
